 Dungeon Crawl Stone Soup version 0.21-a0-442-g848f44b (webtiles) character file.

525 noless the Ruffian (level 7, -7/70 HPs)
             Began as a Troll Monk on Nov 14, 2017.
             Killed by nerve-wracking pain
             ... invoked by an orc priest
              (14 damage)
             ... on level 4 of the Dungeon.
             The game lasted 00:04:42 (2770 turns).

noless the Ruffian (Troll Monk)                     Turns: 2770, Time: 00:04:43

Health: -7/70      AC:  6    Str: 22    XL:     7   Next: 2%
Magic:  6/6        EV: 10    Int:  6    God:
Gold:   258        SH:  0    Dex: 12    Spells: 6/6 levels left

rFire    . . .     SeeInvis +     - Unarmed
rCold    . . .     Gourm    +   (no shield)
rNeg     . . .     Faith    .   a - +1 robe
rPois    .         Spirit   .   (helmet restricted)
rElec    .         Reflect  .   (no cloak)
rCorr    .         Harm     .   (gloves unavailable)
MR       .....                  (boots unavailable)
Stlth    ++........             (no amulet)
HPRegen  0.61/turn              q - ring of see invisible
MPRegen  0.10/turn              (no ring)

@: no status effects
A: unfitting armour, claws 3, fast metabolism 3, gourmand, regeneration 1,
shaggy fur 1, tough skin 2
a: no special abilities


You were on level 4 of the Dungeon.
You were full.

You visited 1 branch of the dungeon, and saw 4 of its levels.

You collected 258 gold pieces.

Inventory:

Missiles
 h - 16 sling bullets
 k - 93 stones (quivered)
Armour
 a - a +1 robe (worn)
Jewellery
 q - a ring of see invisible (left claw)
Wands
 l - a wand of scattershot (2/9)
Scrolls
 c - 2 scrolls of enchant armour
 j - 2 scrolls of remove curse
Potions
 i - a potion of lignification
 n - 2 potions of invisibility
 p - a potion of flight
 r - a potion of degeneration
 s - a potion of haste {unknown}
Comestibles
 b - 2 bread rations
 g - 5 meat rations


   Skills:
 + Level 4.2 Fighting
 - Level 2.4 Dodging
 - Level 1.0 Stealth
 * Level 6.8 Unarmed Combat


You had 6 spell levels left.
You didn't know any spells.

Dungeon Overview and Level Annotations

Branches:
Dungeon (4/15)             Temple (0/1) D:4

Altars:
Cheibriados
Gozag
Nemelex Xobeh
Qazlal
Ru

Annotations:
D:4 1 transporter


Innate Abilities, Weirdness & Mutations

You are too large for most types of armour.
You have claws for hands.
Your metabolism is lightning-fast.
You like to eat raw meat.
Your natural rate of healing is unusually fast.
You are covered in fur. (AC +1)
You have very tough skin. (AC +2)


Message History

Beogh smites you!
The orc priest mumbles some strange prayers to Beogh against you.
You barely resist. You claw the orc priest! Your claw misses the orc priest.
The orc priest is severely wounded.
The orc priest invokes the aid of Beogh against you.
Beogh smites you!
You barely miss the orc priest.
The orc priest is severely wounded.
The orc priest barely misses you.
The orc priest hits you with a short sword.
You claw the orc priest!
You kill the orc priest!
You have reached level 7!
The orc priest calls down the wrath of Beogh upon you.
Beogh smites you!
* * * LOW HITPOINT WARNING * * *
The orc priest calls down the wrath of Beogh upon you.
Pain shoots through your body!
You die...

# # # ******* ####### #
*.,,,,########)....# ###
*...,,#............# #..
**.....#†...........####.#
****,.....oo@................
*,,,,.....#.......######....#
*,,,,###**#.......# #......
*,,,,* ######### ##.#...
*,,,,* *,* #.#...
*,,,,********,*********#.....
**,,,>,,,,,,,,,,,,,,,,,,......
*,,,,,,,,,,,,,,,,,,,****#.#..©
***,,,*,,**,,,,**,*,,,,,,,*,,,


You could see 2 orc priests.

Vanquished Creatures
  The ghost of Slowdrip the Firebug, an amateur TeFE (D:3)
  An orc priest (D:4)
  4 orc wizards
  A centaur skeleton (D:4)
  An iguana (D:4)
  A worker ant (D:4)
  A worker ant zombie (D:3)
  4 gnolls (D:3)
  4 adders
  2 worms (D:2)
  5 dart slugs
  2 leopard geckos
  11 orcs
  10 giant cockroaches
  7 goblins
  9 hobgoblins
  8 jackals (D:2)
  A ball python (D:2)
  5 bats
  5 frilled lizards
  7 kobolds
  11 rats
101 creatures vanquished.

Notes
Turn   | Place    | Note
-------+----------+-------------------------------------------
     0 | D:1      | noless the Troll Monk began the quest for the Orb.
     0 | D:1      | Reached XP level 1. HP: 22/22 MP: 0/0
   195 | D:1      | Reached XP level 2. HP: 22/29 MP: 1/1
   683 | D:2      | Reached skill level 4 in Unarmed Combat
   683 | D:2      | Reached XP level 3. HP: 34/36 MP: 2/2
   870 | D:2      | Reached XP level 4. HP: 45/45 MP: 3/3
   991 | D:2      | Found a sparkling altar of Nemelex Xobeh.
  1002 | D:2      | Found a snail-covered altar of Cheibriados.
  1011 | D:2      | Found an opulent altar of Gozag.
  1328 | D:2      | Found a stormy altar of Qazlal.
  1410 | D:3      | Noticed Slowdrip's ghost (amateur TeFE)
  1420 | D:3      | Killed Slowdrip's ghost
  1420 | D:3      | Reached skill level 5 in Unarmed Combat
  1420 | D:3      | Reached XP level 5. HP: 42/53 MP: 4/4
  1821 | D:3      | Found a sacrificial altar of Ru.
  1937 | D:3      | Reached XP level 6. HP: 33/62 MP: 5/5
  2401 | D:3      | Reached skill level 6 in Unarmed Combat
  2727 | D:4      | Found a transporter.
  2770 | D:4      | Reached XP level 7. HP: 21/70 MP: 6/6
  2770 | D:4      | Killed from afar by an orc priest

Vault maps used:
D:1:      grunt_arrival_crossed_arrows
D:2:      minmay_roachtagon, nicolae_overflow_crystal_walls,
          minmay_overflow_temple_star_quad, kennysheep_boxes
D:3:      marbit_many_paths, interstate_on_off
D:4:      gammafunk_steamed_eel, minmay_temple_entry_hall, first_bread

Skill      XL: |  1  2  3  4  5  6 |
---------------+-------------------+-----
Unarmed Combat | 4 5 6 |  6.8
Fighting       | 3 4 |  4.2
Dodging        | |  2.4
Stealth        | |  1.0

Action                   |  1- 3 |  4- 6 |  7- 9 || total
-------------------------+-------+-------+-------++-------
Melee: Unarmed           |    95 |   132 |       ||   227
       Punch             |       |     1 |       ||     1
  Use: Potion            |       |     2 |       ||     2
       Scroll            |       |    10 |       ||    10
 Stab: Sleeping          |     2 |       |       ||     2
       Distracted        |       |     1 |       ||     1
  Eat: Chunk             |    10 |    13 |       ||    23
       Bread ration      |       |     1 |       ||     1
Armor: Robe              |    22 |    37 |       ||    59
Dodge: Dodged            |    41 |    57 |       ||    98

Table legend:
 A = Spawn XP
 B = Non-spawn XP
 C = Spawn XP percentage of total XP
 D = Spawn monster count
 E = Non-spawn monster count
 F = Spawn count percentage of total count
 G = Total turns spent on level
                    A         B        C        D         E        F      G
               +---------+---------+-------+---------+---------+-------+---------
         Total |       0 |     751 |   0.0 |       0 |     101 |   0.0 |  2770
               +---------+---------+-------+---------+---------+-------+---------
           D:1 |       0 |      35 |   0.0 |       0 |      21 |   0.0 |   631
           D:2 |       0 |     101 |   0.0 |       0 |      37 |   0.0 |   774
           D:3 |       0 |     337 |   0.0 |       0 |      32 |   0.0 |  1242
           D:4 |       0 |     278 |   0.0 |       0 |      11 |   0.0 |   123
               +---------+---------+-------+---------+---------+-------+---------
